 Dungeon Crawl Stone Soup version 0.31-a0-981-geadf994542 (webtiles) character file.

Game seed: 16895036988222103821

79 Dirtsage the Insei (level 4, -2/29 HPs)
             Began as an Octopode Shapeshifter on Oct 31, 2023.
             Slain by Ijyb
             ... wielding a +5 club
              (4 damage)
             ... on level 3 of the Dungeon.
             The game lasted 00:03:02 (2163 turns).

Dirtsage the Insei (Octopode Shapeshifter)          Turns: 2163, Time: 00:03:03

Health: -2/29      AC:  1    Str: 13    XL:     4   Next: 37%
Magic:  4/4        EV: 13    Int: 12    God:
Gold:   149        SH:  0    Dex: 13    Spells: 3/3 levels left

rFire   + .          .
                       - Unarmed
rCold   . . .        (no shield)
rNeg    . . .        (helmet currently unavailable)
rPois   .            (no amulet)
rElec   .            g - ring of flight
rCorr   .            F - ring of protection from fire
SInv    .            (no ring)
Will    .....        (no ring)
Stlth   ++           (no ring)
HPRegen 0.24/turn    (no ring)
MPRegen 0.09/turn    (no ring)
                     (no ring)

%: no passive effects
@: confused, beast-form, flying
A: beast (slay +2), almost no armour, amphibious, 8 rings, camouflage 1,
gelatinous body 1, (nimble swimmer 1), tentacles
a: Begin Untransformation


You were on level 3 of the Dungeon.
You were a hulking beast.
You visited 1 branch of the dungeon, and saw 3 of its levels.

You collected 149 gold pieces.

Inventory:

Jewellery
 g - a ring of flight (left tentacle)
 F - a ring of protection from fire (right tentacle)
Talismans
 b - a beast talisman
 c - a flux talisman
Scrolls
 d - a scroll of fog {unknown}
 e - a scroll of enchant weapon {unknown}
 f - 2 scrolls of identify {unknown}
 i - a scroll of enchant armour {unknown}
Potions
 a - 2 potions of lignification
 h - a potion of curing {unknown}
 j - a potion of mutation {unknown}
 k - a potion of attraction {unknown}
 l - a potion of heal wounds


   Skills:
 + Level 1.9 Fighting
 - Level 2.0 Dodging
 * Level 3.9 Unarmed Combat
 * Level 3.8 Shapeshifting


You had 3 spell levels left.
You didn't know any spells.
Your spell library was empty.

Dungeon Overview and Level Annotations

Branches:
Dungeon (3/15)

Altars:
Dithmenos
Fedhas

Shops:
D:3 (

Annotations:
D:3 Ijyb


Innate Abilities, Weirdness & Mutations

You are a hulking beast.
Your limbs bulge with bestial killing power. (Slay +2)
You cannot wear most types of armour.
You are amphibious.
You can wear up to eight rings at the same time.
Your skin changes colour to match your surroundings (Stealth+).
Your rubbery body absorbs attacks. (AC +1, EV +1)
((You are camouflaged when in or above water. (Stealth+)))
You have tentacles for arms and can constrict up to eight enemies at once.


Message History

Ijyb zaps a wand.
You resist with some effort. The kobold barely misses you.
The kobold misses you.
You bump into the rock wall.
Ijyb zaps a wand.
Your will is overpowered!
You are more confused.
You tentacle-slap Ijyb but do no damage.
Ijyb is almost dead.
The kobold closely misses you.
Ijyb zaps a wand.
Your will is overpowered!
You are more confused.
Okay, then.
The kobold barely misses you.
You closely miss the kobold. Ijyb closely misses you.
The kobold closely misses you. The kobold barely misses you.
The kobold barely misses you. Ijyb barely misses you.
You closely miss Ijyb. Your squeeze misses Ijyb.
Ijyb is almost dead.
The kobold hits you with a +0 club. Ijyb hits you with a +5 club.
You take 7 damage, and have 15/29 hp.
MASSIVE DAMAGE!!
You tentacle-slap the kobold.
You kill the kobold!
You're too confused to move!
Ijyb hits you with a +5 club.
You take 3 damage, and have 12/29 hp.
You tentacle-slap Ijyb.
Ijyb is almost dead.
Ijyb closely misses you.
You bump into the closed door.
Ijyb zaps a wand.
You resist with some effort.
You tentacle-slap Ijyb.
Ijyb is almost dead.
Ijyb hits you with a +5 club.
* * * LOW HITPOINT WARNING * * *
You take 5 damage, and have 8/29 hp.
You tentacle-slap Ijyb but do no damage.
Your squeeze misses Ijyb.
Ijyb is almost dead.
Ijyb hits you with a +5 club!
* * * LOW HITPOINT WARNING * * *
You take 6 damage, and have 2/29 hp.
MASSIVE DAMAGE!!
Ijyb hits you with a +5 club.
You die...

..####..............
##.#.
#............[. #.#.
#.............. #...
####'##+####### ##..
#.##+###### ##.
#†........# #.
#.).......# #.
+.g.......# ##
#.h..:....# ######
+.........# #.....
#........(# #.....
#[........# #.....
#.........# #.....
#.........# #.....
#.........# #.....
#......... #.....
#.....


You could see Ijyb.

Vanquished Creatures
  3 adders (D:3)
  3 ball pythons
  6 bats
  5 endoplasms
  A giant cockroach (D:1)
  7 goblins
  3 hobgoblins
  2 jackals (D:1)
  7 kobolds
  A quokka (D:1)
  5 frilled lizards
  5 rats
48 creatures vanquished.

Notes
Turn   | Place    | Note
-------+----------+-------------------------------------------
     0 | D:1      | Dirtsage the Octopode Shapeshifter began the quest for the
                  | Orb.
     0 | D:1      | Reached XP level 1. HP: 13/13 MP: 1/1
   159 | D:1      | Reached XP level 2. HP: 17/18 MP: 2/2
   592 | D:1      | Reached XP level 3. HP: 23/23 MP: 3/3
  1148 | D:2      | Found a blossoming altar of Fedhas.
  1647 | D:3      | Found Casaest's Antique Weapon Emporium.
  1788 | D:3      | Reached XP level 4. HP: 23/29 MP: 4/4
  1889 | D:3      | Found a faded altar of an unknown god.
  1904 | D:3      | Found a shadowy altar of Dithmenos.
  2128 | D:3      | Noticed Ijyb
  2163 | D:3      | Slain by Ijyb

Illustrated notes

Levels and vault maps discovered:
D:1:      lightli_arrival_noodles, layout_basic
D:2:      layout_basic, basic_altar
D:3:      layout_basic, nicolae_overflow_ecumenical_swirl, serial_shops, shop,
          uniq_ijyb

Action                     |  1- 3 |  4- 6 || total
---------------------------+-------+-------++-------
  Melee: Unarmed           |    66 |    26 ||    92
         Constrict         |    11 |     5 ||    16
         Tentacles         |     6 |     5 ||    11
    Use: Potion            |       |     1 ||     1
   Stab: Sleeping          |     5 |     4 ||     9
 Armour: Skin              |    22 |    14 ||    36
  Dodge: Dodged            |    33 |    13 ||    46

Table legend: (Time is in decaauts)
 A = Elapsed time spent in this place.
 B = Non-inter-level travel time spent in this place.
 C = Inter-level travel time spent in this place.
 D = Time resting spent in this place.
 E = Time spent auto-exploring this place.
 F = Levels seen in this place.
 G = Mean time per level.
                   A        B        C        D        E       F      G
               +--------+--------+--------+--------+--------+-----+--------+
         Total |   2154 |   2107 |     47 |     44 |   1769 |   3 |  718.0 |
       Dungeon |   2154 |   2107 |     47 |     44 |   1769 |   3 |  718.0 |
               +--------+--------+--------+--------+--------+-----+--------+

Top non-repeatable levels by time:
     D:1: 1097 daAuts
     D:3: 567 daAuts
     D:2: 490 daAuts
